 Dungeon Crawl Stone Soup version 0.29-a0-598-gd8304a5bf4 (webtiles) character file.

Game seed: 401873825637317257

95 greasedhog the Chopper (level 4, 0/38 HPs)
             Began as a Draconian Berserker on June 16, 2022.
             Was a Follower of Trog.
             Succumbed to an adder's poison
             ... on level 5 of the Dungeon.
             The game lasted 00:02:21 (2422 turns).

greasedhog the Chopper (Draconian Berserker)        Turns: 2422, Time: 00:02:21

Health: 0/38       AC:  6    Str: 21    XL:     4   Next: 40%
Magic:  4/4        EV: 12    Int:  7    God:    Trog [*.....]
Gold:   100        SH:  0    Dex: 11    Spells: 3/3 levels left

rFire   . . .      SeeInvis .   a - +0 hand axe
rCold   . . .      Faith    .   (no shield)
rNeg    . . .      Spirit   .   (body armour unavailable)
rPois   .          Reflect  .   (helmet restricted)
rElec   .          Harm     .   g - +0 cloak
rCorr   .          Rampage  .   (no gloves)
Will    .....                   (no boots)
Stlth   +.........              (no amulet)
HPRegen 0.12/turn               (no ring)
MPRegen 0.09/turn               (no ring)

@: lethally poisoned (0 -> -1)
A: AC +5, unfitting armour, cold-blooded
a: Renounce Religion, Berserk


You were on level 5 of the Dungeon.
You worshipped Trog.
Trog was aware of your devotion.
You visited 1 branch of the dungeon, and saw 4 of its levels.

You collected 100 gold pieces.

Inventory:

Hand Weapons
 a - a +0 hand axe (weapon)
Armour
 g - a +0 cloak (worn)
Scrolls
 e - 2 scrolls of identify
 f - 2 scrolls of immolation
Potions
 b - 4 potions of attraction
 c - 2 potions of curing


   Skills:
 - Level 3.2 Fighting
 * Level 5.2 Axes
 - Level 2.6 Dodging


You had 3 spell levels left.
You didn't know any spells.
Your spell library was empty.

Dungeon Overview and Level Annotations

Branches:
Dungeon (3/15)

Altars:
Nemelex Xobeh
Wu Jian

Shops:
D:1 [   D:3 !   D:5 ?

Annotations:
D:5 Grinder


Innate Abilities, Weirdness & Mutations

Your plain brown scales are hard. (AC +5)
You cannot fit into any form of body armour.
You are cold-blooded and may be slowed by cold attacks.


Message History

You hit the adder. Your punch misses the adder.
The adder is heavily wounded.
Your hound bites the adder.
The adder closely misses you. The quokka closely misses your hound.
A necrophage comes into view.
The adder bites you.
You are poisoned.
The adder poisons you!
Your hound bites the quokka.
You closely miss the adder.
Your tail-slap misses the adder.
The adder is severely wounded.
You feel sick. The quokka bites your hound.
Your hound barely misses the quokka.
The adder misses you.
A gnoll comes into view. It is wielding a +0 flail.
Grinder says, "Mostly I couldn't keep them alive."
Unknown command.
You miss the adder.
The adder is severely wounded.
You feel sick. The quokka barely misses your hound.
Your hound closely misses the adder.
The adder closely misses you.
Your hound closely misses the quokka.
The quokka closely misses your hound.
Unknown command.
You hit the adder.
The adder is almost dead.
You feel sick. The adder bites you but does no damage.
Your hound closely misses the quokka.
An orc priest comes into view. It is wielding a +0 mace.
Grinder blinks!
The quokka bites your hound. The adder barely misses you.
Unknown command.
You hit the adder.
You kill the adder!
Trog accepts your kill.
You feel sick.
Your hound bites the quokka but does no damage.
The quokka misses your hound.
The orc priest invokes the aid of Beogh against you.
Beogh smites you!
* * * LOW HITPOINT WARNING * * *
Your hound closely misses the quokka.
You hear a shout! x2
You die...

#...............h.....##
#.......................
###.###.###.............
#≈≈≈###............[....
≈≈≈≈≈...###....og.......
..∩≈≈##.# ####h§.####.
≈≈≈≈ #.####)rso.# #≈≈
#.##l.h###.### ##
#.##@lr# #...# #.##...#
#...# #.##...# #...#
...##### #...# ... #...#
... #####


You could see a black bear, a scorpion, an orc priest, a gnoll, an orc, a quokka
(distracted, ally target), 2 friendly iguanas, a friendly hound (summoned) and a
friendly quokka (summoned).

Vanquished Creatures
  A hound (D:5)
  An orc wizard (D:5)
  An adder (D:5)
  A dart slug (D:1)
  An orc (D:3)
  2 ball pythons (D:1)
  A bat (D:1)
  2 endoplasms (D:1)
  3 goblins
  6 hobgoblins
  2 quokkas
  A frilled lizard (D:1)
  A kobold (D:1)
  3 rats
26 creatures vanquished.

Vanquished Creatures (collateral kills)
  An orc (D:5)
1 creature vanquished.

Vanquished Creatures (others)
  3 fungi (D:1)
3 creatures vanquished.

Grand Total: 30 creatures vanquished

Notes
Turn   | Place    | Note
-------+----------+-------------------------------------------
     0 | D:1      | greasedhog the Draconian Berserker began the quest for the
                  | Orb.
     0 | D:1      | Reached XP level 1. HP: 19/19 MP: 1/1
   304 | D:1      | Found Kotheh's Antique Armour Shoppe.
   336 | D:1      | Found a faded altar of an unknown god.
   340 | D:1      | Reached XP level 2. HP: 26/26 MP: 2/2
   610 | D:1      | Reached skill level 4 in Axes
  2299 | D:3      | Found Deadwip's Distillery.
  2307 | D:3      | Found a sparkling altar of Nemelex Xobeh.
  2328 | D:3      | Found an ornate altar of the Wu Jian Council.
  2352 | D:3      | Reached XP level 3. HP: 31/31 MP: 3/3
  2362 | D:3      | You fall into a shaft and drop 2 floors!
  2362 | D:5      | Entered Level 5 of the Dungeon
  2364 | D:5      | Found Suniwn's Magic Scroll Shop.
  2398 | D:5      | Noticed Grinder
  2403 | D:5      | Noticed a scorpion
  2406 | D:5      | Noticed an ogre
  2409 | D:5      | Noticed a black bear
  2411 | D:5      | Reached skill level 5 in Axes
  2411 | D:5      | Reached XP level 4. HP: 19/38 MP: 4/4
  2417 | D:5      | Noticed a necrophage
  2421 | D:5      | HP: 1/38 [orc priest/divine providence (11)]
  2422 | D:5      | Succumbed to an adder's poison

Illustrated notes

Levels and vault maps discovered:
D:1:      wheals_arrival_linesprint, layout_basic,
          dreamdust_ecumenical_altar_grove, serial_shops, nicolae_shop_crystal
D:2:      layout_basic
D:3:      layout_basic, mainiacjoe_overflow_catwalk_spiral, serial_shops, shop,
          uniq_jessica
D:5:      layout_rooms, nicolae_yredelemnul_ghost_church, serial_shops,
          nicolae_shop_waterfront, minmay_misc_feat_roman, uniq_grinder

Skill      XL: |  1  2  3 |
---------------+----------+-----
Axes           | 4 5 |  5.2
Fighting       | |  3.2
Dodging        | |  2.6

Action                   |  1- 3 |  4- 6 || total
-------------------------+-------+-------++-------
Melee: Hand axe          |    85 |     8 ||    93
       Tailslap          |    11 |       ||    11
  Use: Scroll            |     5 |     1 ||     6
       Potion            |     2 |       ||     2
 Stab: Invisible         |     1 |       ||     1
Armor: Skin              |    26 |     3 ||    29
Dodge: Dodged            |    62 |    11 ||    73

Table legend: (Time is in decaauts)
 A = Elapsed time spent in this place.
 B = Non-inter-level travel time spent in this place.
 C = Inter-level travel time spent in this place.
 D = Time resting spent in this place.
 E = Time spent auto-exploring this place.
 F = Levels seen in this place.
 G = Mean time per level.
                   A        B        C        D        E       F      G
               +--------+--------+--------+--------+--------+-----+--------+
         Total |   2430 |   2277 |    153 |      2 |   2035 |   4 |  607.5 |
       Dungeon |   2430 |   2277 |    153 |      2 |   2035 |   4 |  607.5 |
               +--------+--------+--------+--------+--------+-----+--------+

Top non-repeatable levels by time:
     D:1: 1244 daAuts
     D:2: 1046 daAuts
     D:3: 78 daAuts
     D:5: 61 daAuts
